ITL
CAPE COD CLAMS @ BIRMINGHAM BARONS
07/19/2026
 
TOP OF THE 1ST
Cape Cod Clams batting - Pitching for Birmingham Barons : RHP Jorge Salazar
Pitching: RHP Jorge Salazar
Batting: SHB Edgardo Osorio 0-0: SINGLE (Groundball, 56D)
Batting: RHB Yasuhiro Kobayashi 0-0: Ball
1-0: Ball
2-0: Ball
3-0: Called Strike
3-1: Foul Ball, location: 2F
3-2: Foul Ball, location: 2F
3-2: Fly out, F8 (Flyball, 8RM)
3-2: Fly out, F8 (Flyball, 8RM)
Batting: LHB José González 0-0: Ball
1-0: Ball
2-0: Foul Ball, location: 2F
2-1: Called Strike
2-2: Ball
3-2: SINGLE (Flyball, 9S)
Edgardo Osorio to second
Runner from 2nd tries for 3rd, SAFE, no throw or cutoff
Batting: LHB José Rivas 0-0: Called Strike
0-1: Ball
1-1: Swinging Strike
1-2: Ball
2-2: 3-RUN HOME RUN (Flyball, 89XD), Distance : 403 ft
Batting: SHB Andrés Díaz 0-0: Ball
1-0: Ball
2-0: Ball
3-0: Base on Balls
Batting: RHB Héctor Jiménez 0-0: Ball
1-0: Foul Ball, location: 2F
1-1: Ball
2-1: Grounds into double play, 6-4-3 (Groundball, 6)
Top of the 1st over - 3 run(s), 3 hit(s), 0 error(s), 0 left on base; Cape Cod 3 - Birmingham 0
BOTTOM OF THE 1ST
Birmingham Barons batting - Pitching for Cape Cod Clams : LHP Tom Miller
Pitching: LHP Tom Miller
Batting: RHB Todd Rogers 0-0: Ball
1-0: Fly out, F9 (Flyball, 89S)
Batting: RHB Mario Hernández 0-0: Ball
1-0: SINGLE (Flyball, 9S)
Batting: LHB Ashley Pickhills 0-0: Called Strike
0-1: Ball
1-1: Fielders Choice at 2nd, 4-6 (Groundball, 34)
Batting: SHB Anastasio Ortíz 0-0: Ball
1-0: Ball
2-0: Foul Ball, location: 2F
2-1: SINGLE (Line Drive, 8LS)
Ashley Pickhills to second
Batting: RHB Vicente Elías 0-0: Ball
1-0: Called Strike
1-1: Called Strike
1-2: Strikes out swinging
Bottom of the 1st over - 0 run(s), 2 hit(s), 0 error(s), 2 left on base; Cape Cod 3 - Birmingham 0
TOP OF THE 2ND
Cape Cod Clams batting - Pitching for Birmingham Barons : RHP Jorge Salazar
Batting: RHB Franklin Shaw 0-0: Fly out, F7 (Line Drive, 7S)
Batting: RHB Juan Marín 0-0: Ball
1-0: Called Strike
1-1: Called Strike
1-2: Foul Ball, location: 2F
1-2: Strikes out swinging
Batting: RHB Marcos Castillo 0-0: Ball
1-0: Ball
2-0: Ball
3-0: Called Strike
3-1: Ground out 4-3 (Groundball, 4)
Top of the 2nd over - 0 run(s), 0 hit(s), 0 error(s), 0 left on base; Cape Cod 3 - Birmingham 0
BOTTOM OF THE 2ND
Birmingham Barons batting - Pitching for Cape Cod Clams : LHP Tom Miller
Batting: SHB Terry O'Farrell 0-0: Called Strike
0-1: SINGLE (Flyball, 8LS)
Batting: LHB Marc May 0-0: Ball
1-0: Fly out, F7 (Flyball, 7S)
Batting: RHB Dave Dawson 0-0: Ball
1-0: Swinging Strike
1-1: Foul Ball, location: 2F
1-2: Strikes out swinging
Batting: RHB David Raymos 0-0: Ball
1-0: Called Strike
1-1: Swinging Strike
1-2: Strikes out swinging
Bottom of the 2nd over - 0 run(s), 1 hit(s), 0 error(s), 1 left on base; Cape Cod 3 - Birmingham 0
TOP OF THE 3RD
Cape Cod Clams batting - Pitching for Birmingham Barons : RHP Jorge Salazar
Batting: SHB Edgardo Osorio 0-0: Swinging Strike
0-1: Ball
1-1: Called Strike
1-2: Foul Ball, location: 2F
1-2: Ball
2-2: Foul Ball, location: 2F
2-2: Foul Ball, location: 2F
2-2: Strikes out swinging
Batting: RHB Yasuhiro Kobayashi 0-0: Swinging Strike
0-1: Foul Ball, location: 2F
0-2: Ball
1-2: Fly out, F4 (Popup, 4MD)
Batting: LHB José González 0-0: SINGLE (Groundball, 13) (infield hit)
Batting: LHB José Rivas 0-0: Called Strike
0-1: Foul Ball, location: 2F
0-2: Strikes out swinging
Top of the 3rd over - 0 run(s), 1 hit(s), 0 error(s), 1 left on base; Cape Cod 3 - Birmingham 0
BOTTOM OF THE 3RD
Birmingham Barons batting - Pitching for Cape Cod Clams : LHP Tom Miller
Batting: RHB Todd Rogers 0-0: Called Strike
0-1: Ground out 1-3 (Groundball, 15)
Batting: RHB Mario Hernández 0-0: Ball
1-0: Ball
2-0: Ball
3-0: Called Strike
3-1: Called Strike
3-2: SINGLE (Flyball, 89S)
Batting: LHB Ashley Pickhills 0-0: Called Strike
0-1: Fly out, F1 (Popup, 13)
Batting: SHB Anastasio Ortíz 0-0: Ball
1-0: Ball
2-0: Ground out 3-1 (Groundball, 34S)
Bottom of the 3rd over - 0 run(s), 1 hit(s), 0 error(s), 1 left on base; Cape Cod 3 - Birmingham 0
TOP OF THE 4TH
Cape Cod Clams batting - Pitching for Birmingham Barons : RHP Jorge Salazar
Batting: SHB Andrés Díaz 0-0: Ball
1-0: SINGLE (Groundball, 4M)
Batting: RHB Héctor Jiménez 0-0: Fielders Choice at 2nd, 5-4 (Groundball, 56)
Batting: RHB Franklin Shaw 0-0: Fly out, F9 (Flyball, 9LMF)
0-0: Fly out, F9 (Flyball, 9LMF)
Batting: RHB Juan Marín 0-0: Swinging Strike
0-1: Foul Ball, location: 2F
0-2: Foul Ball, location: 2F
0-2: Ball
1-2: Ground out U3 (Groundball, 3S)
Top of the 4th over - 0 run(s), 1 hit(s), 0 error(s), 1 left on base; Cape Cod 3 - Birmingham 0
BOTTOM OF THE 4TH
Birmingham Barons batting - Pitching for Cape Cod Clams : LHP Tom Miller
Batting: RHB Vicente Elías 0-0: Called Strike
0-1: Called Strike
0-2: Strikes out swinging
Batting: SHB Terry O'Farrell 0-0: Foul Ball, location: 2F
0-1: Foul Ball, location: 2F
0-2: Ball
1-2: SINGLE (Line Drive, 56D)
Batting: LHB Marc May 0-0: Fielders Choice at 2nd, 1-6 (Groundball, 13)
Batting: RHB Dave Dawson 0-0: Called Strike
0-1: Foul Ball, location: 2F
0-2: Ball
1-2: Strikes out swinging
Bottom of the 4th over - 0 run(s), 1 hit(s), 0 error(s), 1 left on base; Cape Cod 3 - Birmingham 0
TOP OF THE 5TH
Cape Cod Clams batting - Pitching for Birmingham Barons : RHP Jorge Salazar
Now in RF: José Hernández
Batting: RHB Marcos Castillo 0-0: Called Strike
0-1: Ball
1-1: Ball
2-1: Foul Ball, location: 2F
2-2: Ball
3-2: Base on Balls
Batting: SHB Edgardo Osorio 0-0: Swinging Strike
0-1: Ball
1-1: Ball
2-1: Foul Ball, location: 2F
2-2: Fielders Choice at 2nd, 3-6 (Groundball, 3)
Batting: RHB Yasuhiro Kobayashi 0-0: Ball
1-0: Grounds into double play, 1-6-3 (Groundball, 15)
Top of the 5th over - 0 run(s), 0 hit(s), 0 error(s), 0 left on base; Cape Cod 3 - Birmingham 0
BOTTOM OF THE 5TH
Birmingham Barons batting - Pitching for Cape Cod Clams : LHP Tom Miller
Batting: RHB David Raymos 0-0: Fly out, F8 (Flyball, 8RM)
Batting: RHB Todd Rogers 0-0: Ground out 6-3 (Groundball, 56)
Batting: RHB Mario Hernández 0-0: Called Strike
0-1: Ball
1-1: Swinging Strike
1-2: Strikes out swinging
Bottom of the 5th over - 0 run(s), 0 hit(s), 0 error(s), 0 left on base; Cape Cod 3 - Birmingham 0
TOP OF THE 6TH
Cape Cod Clams batting - Pitching for Birmingham Barons : RHP Jorge Salazar
Batting: LHB José González 0-0: SINGLE (Groundball, 4M)
Batting: LHB José Rivas 0-0: Called Strike
0-1: Foul Ball, location: 2F
0-2: Grounds into double play, U4-3 (Groundball, 4)
Batting: SHB Andrés Díaz 0-0: Called Strike
0-1: Ball
1-1: Ball
2-1: Ball
3-1: Base on Balls
Batting: RHB Héctor Jiménez 0-0: Foul Ball, location: 2F
0-1: Swinging Strike
0-2: Foul Ball, location: 2F
0-2: Foul Ball, location: 2F
0-2: Foul Ball, location: 2F
0-2: Ball
1-2: Foul Ball, location: 2F
1-2: Ball
2-2: Ball
3-2: SINGLE (Groundball, 56D)
Andrés Díaz to second
Andrés Díaz to third
Batting: RHB Franklin Shaw 0-0: Swinging Strike
0-1: Called Strike
0-2: Ball
1-2: Ball
Wild Pitch!
Andrés Díaz scores
Héctor Jiménez to second
2-2: Foul Ball, location: 2F
2-2: Ball
3-2: SINGLE (Groundball, 56D)
Héctor Jiménez to third
Héctor Jiménez scores
Pitching: RHP Domingo Ortíz
Batting: RHB Juan Marín 0-0: Ball
1-0: Called Strike
1-1: Ground out 4-3 (Groundball, 34)
Top of the 6th over - 2 run(s), 3 hit(s), 0 error(s), 1 left on base; Cape Cod 5 - Birmingham 0
BOTTOM OF THE 6TH
Birmingham Barons batting - Pitching for Cape Cod Clams : LHP Tom Miller
Batting: LHB Ashley Pickhills 0-0: Called Strike
0-1: Ball
1-1: Ball
2-1: Swinging Strike
2-2: Foul Ball, location: 2F
2-2: Foul Ball, location: 2F
2-2: SINGLE (Line Drive, 89S)
Batting: SHB Anastasio Ortíz 0-0: Ball
1-0: Called Strike
1-1: Foul Ball, location: 2F
1-2: Foul Ball, location: 2F
1-2: Fly out, F5 (Popup, 25F)
Batting: RHB Vicente Elías 0-0: Ball
1-0: Called Strike
1-1: Called Strike
1-2: Strikes out swinging
Ashley Pickhills is caught stealing 2nd base
Batter strikes out.
Bottom of the 6th over - 0 run(s), 1 hit(s), 0 error(s), 0 left on base; Cape Cod 5 - Birmingham 0
TOP OF THE 7TH
Cape Cod Clams batting - Pitching for Birmingham Barons : RHP Domingo Ortíz
Batting: RHB Marcos Castillo 0-0: Ball
1-0: Foul Ball, location: 2F
1-1: Ball
2-1: Ball
3-1: Swinging Strike
3-2: Ground out 3-1 (Groundball, 34)
Batting: SHB Edgardo Osorio 0-0: Called Strike
0-1: Swinging Strike
0-2: Strikes out looking
Batting: RHB Yasuhiro Kobayashi 0-0: Ball
1-0: Ball
2-0: Foul Ball, location: 2F
2-1: Ball
3-1: Foul Ball, location: 2F
3-2: Foul Ball, location: 2F
3-2: Base on Balls
Batting: LHB José González 0-0: Swinging Strike
0-1: Fly out, F8 (Flyball, 8LD)
Top of the 7th over - 0 run(s), 0 hit(s), 0 error(s), 1 left on base; Cape Cod 5 - Birmingham 0
BOTTOM OF THE 7TH
Birmingham Barons batting - Pitching for Cape Cod Clams : LHP Tom Miller
Batting: LHB José Hernández 0-0: Swinging Strike
0-1: Ball
1-1: Swinging Strike
1-2: Foul Ball, location: 2F
1-2: Ball
2-2: Ground out 4-3 (Groundball, 4)
Pitching: RHP Claudio Rivera
Batting: LHB Marc May 0-0: Foul Ball, location: 2F
0-1: Swinging Strike
0-2: Foul Ball, location: 2F
0-2: Strikes out swinging
Batting: RHB Dave Dawson 0-0: Ball
1-0: Called Strike
1-1: Called Strike
1-2: Ball
2-2: Strikes out swinging
Bottom of the 7th over - 0 run(s), 0 hit(s), 0 error(s), 0 left on base; Cape Cod 5 - Birmingham 0
TOP OF THE 8TH
Cape Cod Clams batting - Pitching for Birmingham Barons : RHP Domingo Ortíz
Batting: LHB José Rivas 0-0: Ball
1-0: Foul Ball, location: 2F
1-1: Ball
2-1: Swinging Strike
2-2: Foul Ball, location: 2F
2-2: Strikes out swinging
Batting: SHB Andrés Díaz 0-0: Ball
1-0: Foul Ball, location: 2F
1-1: Swinging Strike
1-2: Fly out, F8 (Flyball, 8LM)
Pitching: LHP Manuel Soto
Batting: RHB Héctor Jiménez 0-0: Called Strike
0-1: Swinging Strike
0-2: Strikes out swinging
Top of the 8th over - 0 run(s), 0 hit(s), 0 error(s), 0 left on base; Cape Cod 5 - Birmingham 0
BOTTOM OF THE 8TH
Birmingham Barons batting - Pitching for Cape Cod Clams : RHP Claudio Rivera
Now at SS: Armando Vega
Now in LF: Ramón Morales
Batting: RHB David Raymos 0-0: Swinging Strike
0-1: Ball
1-1: SINGLE (Groundball, 25) (infield hit)
Batting: RHB Todd Rogers 0-0: Ball
1-0: Ball
2-0: Swinging Strike
2-1: Ball
3-1: Called Strike
3-2: Strikes out looking
Batting: RHB Mario Hernández 0-0: Ball
1-0: DOUBLE (Line Drive, 78M)
David Raymos to third
Batting: LHB Ashley Pickhills 0-0: Ball
1-0: Ball
2-0: Ball
3-0: Fly out, F6 (Popup, 6MD)
Batting: SHB Anastasio Ortíz 0-0: Ball
1-0: Swinging Strike
1-1: Ground out 1-3 (Groundball, 15)
Bottom of the 8th over - 0 run(s), 2 hit(s), 0 error(s), 2 left on base; Cape Cod 5 - Birmingham 0
TOP OF THE 9TH
Cape Cod Clams batting - Pitching for Birmingham Barons : LHP Manuel Soto
Batting: RHB Franklin Shaw 0-0: Foul Ball, location: 2F
0-1: Ball
1-1: Ball
2-1: Ground out 5-3 (Groundball, 56)
Batting: RHB Juan Marín 0-0: Ball
1-0: Foul Ball, location: 2F
1-1: Foul Ball, location: 2F
1-2: Ball
2-2: Ball
3-2: Base on Balls
Batting: RHB Marcos Castillo 0-0: Ball
1-0: Swinging Strike
1-1: Fly out, F5 (Popup, 5SF)
Batting: SHB Edgardo Osorio 0-0: DOUBLE (Flyball, 7D)
Juan Marín to third
Runner from 3rd tries for Home, SAFE, throw made at trailing runner, SAFE at third!
Batting: RHB Yasuhiro Kobayashi 0-0: Ground out 5-3 (Groundball, 5S)
Top of the 9th over - 1 run(s), 1 hit(s), 0 error(s), 1 left on base; Cape Cod 6 - Birmingham 0
BOTTOM OF THE 9TH
Birmingham Barons batting - Pitching for Cape Cod Clams : RHP Claudio Rivera
Now at C: António Ramos
Batting: RHB Vicente Elías 0-0: Called Strike
0-1: Called Strike
0-2: Ball
1-2: Strikes out swinging
Batting: LHB José Hernández 0-0: Called Strike
0-1: Foul Ball, location: 2F
0-2: Foul Ball, location: 2F
0-2: Ball
1-2: Foul Ball, location: 2F
1-2: Strikes out looking
Batting: LHB Marc May 0-0: Called Strike
0-1: Ball
1-1: SINGLE (Line Drive, 9S)
Batting: RHB Dave Dawson 0-0: Called Strike
0-1: Ball
1-1: SINGLE (Line Drive, 3D)
Marc May to second
Batting: RHB David Raymos 0-0: Fly out, F9 (Popup, 89S)
Bottom of the 9th over - 0 run(s), 2 hit(s), 0 error(s), 2 left on base; Cape Cod 6 - Birmingham 0
Monday, December 5th, 2016 - OOTP Baseball 17.12 Build 75